 Dungeon Crawl Stone Soup version 0.29.1-2-gbd0b4ee654 (webtiles) character file.

Game seed: 1975894438366517478

723 GigaChad the Ruffian (level 7, -2/68 HPs)
             Began as a Troll Fighter on Nov 23, 2022.
             Was a Believer of Trog.
             Slain by a mummy (15 damage)
             ... in an ossuary.
             The game lasted 00:07:00 (2637 turns).

GigaChad the Ruffian (Troll Fighter)                Turns: 2637, Time: 00:07:00

Health: -2/68      AC:  8    Str: 27    XL:     7   Next: 43%
Magic:  6/6        EV:  9    Int:  4    God:    Trog [**....]
Gold:   168        SH:  7    Dex:  9    Spells: 6/6 levels left

rFire   . . .      SeeInvis .     - Unarmed
rCold   . . .      Faith    .   b - +0 kite shield
rNeg    . . .      Spirit   .   a - +0 robe
rPois   .          Reflect  .   (helmet restricted)
rElec   .          Harm     .   (no cloak)
rCorr   .          Rampage  .   (gloves unavailable)
Will    .....                   (boots unavailable)
Stlth   +.........              (no amulet)
HPRegen 1.01/turn               h - +4 ring of protection
MPRegen 0.10/turn               (no ring)

@: no status effects
A: large, unfitting armour, claws 3, regeneration 1, shaggy fur 1, tough skin 1
a: Renounce Religion, Berserk, Trog's Hand


You were in an ossuary.
You worshipped Trog.
Trog was pleased with you.
You visited 1 branch of the dungeon, and saw 4 of its levels.
You also visited: Ossuary.

You collected 168 gold pieces.

Inventory:

Hand Weapons
 o - the +9 sling "Hulk" {venom, rC++ Will- Dex+3}
   (You found it on level 4 of the Dungeon)

   Any ammunition fired from it poisons the flesh of those it strikes.
   Dex:       It affects your dexterity (+3).
   rC:        It greatly protects you from cold.
   Will:      It decreases your willpower.
Armour
 a - a +0 robe (worn)
 b - a +0 kite shield (worn)
Jewellery
 f - a ring of poison resistance
 h - a +4 ring of protection (left claw)
Wands
 j - a wand of flame (4)
Scrolls
 d - 2 scrolls of teleportation
 e - 3 scrolls of identify
 g - 2 scrolls of summoning {unknown}
 i - a scroll of poison {unknown}
 q - a scroll of brand weapon {unknown}
Potions
 c - 2 potions of might
 k - a potion of berserk rage {unknown}
 l - 2 potions of mutation {unknown}
 m - a potion of curing {unknown}
 n - a potion of resistance {unknown}
 p - a potion of haste {unknown}


   Skills:
 * Level 3.8 Fighting
 + Level 4.2 Dodging
 + Level 4.2 Shields
 + Level 5.2 Unarmed Combat


You had 6 spell levels left.
You didn't know any spells.
Your spell library contained the following spells:

 Spells                   Type           Power      Damage    Failure   Level
 Static Discharge         Conj/Air       0%         3-3/arc   89%         2
 Portal Projectile        Hex/Tloc       0%         N/A       98%         3
 Tukima's Dance           Hex            0%         N/A       98%         3
 Blade Hands              Tmut           0%         N/A       100%        5
 Lightning Bolt           Conj/Air       0%         1d11      100%        5
 Maxwell's Capacitive Co  Air            0%         ∞         100%        8


Dungeon Overview and Level Annotations

Branches:
Dungeon (4/15)            Ossuary (1/1)
 Temple: D:4-7

Altars:
Sif Muna
Trog


Innate Abilities, Weirdness & Mutations

You are too large for most types of armour.
You have claws for hands.
Your natural rate of healing is unusually fast.
You are covered in fur. (AC +1)
You have tough skin. (AC +1)


Message History

The hobgoblin zombie misses you.
You claw the orc zombie!
The orc zombie is severely damaged.
The hobgoblin zombie hits you.
* * * LOW HITPOINT WARNING * * *
You scratch the mummy.
The mummy is moderately damaged.
The mummy hits you but does no damage.
The hobgoblin zombie closely misses you. x2
You claw the mummy!
The mummy is severely damaged.
The hobgoblin zombie barely misses you.
You mangle the mummy!!
You destroy the mummy!
Trog accepts your kill.
The hobgoblin zombie hits you but does no damage.
The mummy hits you.
* * * LOW HITPOINT WARNING * * *
You barely miss the orc zombie.
The orc zombie is severely damaged.
The hobgoblin zombie barely misses you. x2
The orc zombie hits you but does no damage.
The mummy hits you but does no damage.
You completely miss the orc zombie.
The orc zombie is severely damaged.
The hobgoblin zombie barely misses you.
You block the hobgoblin zombie's attack.
The orc zombie hits you but does no damage.
You scratch the orc zombie.
You destroy the orc zombie!
Trog accepts your kill. The mummy hits you but does no damage.
The hobgoblin zombie hits you.
* * * LOW HITPOINT WARNING * * *
The hobgoblin zombie barely misses you.
You block the hobgoblin zombie's attack.
You claw the mummy!
The mummy is moderately damaged.
You block the hobgoblin zombie's attack.
The mummy hits you!
You die...

.... ##..## ....
....##....##....
................
................
..............
#........#
#......# #....#
#M@Z.# #..Z.#
#....# #....#
#....# #....#
#....# #.∩∩.#
######


You could see a mummy and 2 hobgoblin zombies.

Vanquished Creatures
  Grinder (D:4)
  Eustachio (D:4)
  Blork the orc (D:4)
  A scorpion (D:4)
  A hound (D:4)
  2 iguanas
  An orc wizard (D:3)
  3 mummies (Ossuary)
  3 gnolls (D:2)
  An adder (D:2)
  2 worms (D:3)
  4 orcs
  7 endoplasms
  5 giant cockroaches
  A gnoll zombie (Ossuary)
  2 goblins
  12 hobgoblins
  4 jackals (D:3)
  6 kobolds
  2 quokkas
  8 ball pythons
  5 bats
  4 frilled lizards
  A goblin zombie (D:4)
  A hobgoblin zombie (Ossuary)
  2 kobold zombies (Ossuary)
  2 orc zombies (Ossuary)
  A quokka zombie (D:4)
  6 rats
90 creatures vanquished.

Notes
Turn   | Place    | Note
-------+----------+-------------------------------------------
     0 | D:1      | GigaChad the Troll Fighter began the quest for the Orb.
     0 | D:1      | Reached XP level 1. HP: 22/22 MP: 0/0
   117 | D:1      | Reached XP level 2. HP: 24/29 MP: 1/1
   666 | D:2      | Reached XP level 3. HP: 34/36 MP: 2/2
   798 | D:2      | Reached XP level 4. HP: 41/44 MP: 3/3
  1132 | D:3      | Found a faded altar of an unknown god.
  1163 | D:3      | Prayed at the altar of an unknown god.
  1163 | D:3      | Became a worshipper of Trog the Wrathful
  1163 | D:3      | Reached * piety under Trog
  1208 | D:3      | Reached skill level 3 in Unarmed Combat
  1418 | D:3      | Found a shimmering blue altar of Sif Muna.
  1620 | D:3      | Reached XP level 5. HP: 41/53 MP: 4/4
  1756 | D:3      | Reached ** piety under Trog
  2145 | D:4      | Noticed Grinder
  2177 | D:4      | Paralysed by Grinder for 2 turns
  2182 | D:4      | Killed Grinder
  2183 | D:4      | Reached skill level 4 in Unarmed Combat
  2183 | D:4      | Reached XP level 6. HP: 35/61 MP: 5/5
  2187 | D:4      | Identified the +9 sling "Hulk" {venom, rC++ Will- Dex+3}
  2410 | D:4      | Noticed Blork the orc
  2422 | D:4      | Killed Blork the orc
  2423 | D:4      | Reached XP level 7. HP: 67/68 MP: 6/6
  2502 | D:4      | Noticed Eustachio
  2506 | D:4      | Found a sand-covered staircase.
  2552 | D:4      | Killed Eustachio
  2553 | D:4      | Reached skill level 5 in Unarmed Combat
  2602 | Ossuary  | Entered an ossuary
  2637 | Ossuary  | Slain by a mummy

Illustrated notes

Levels and vault maps discovered:
D:1:      dpeg_arrival_pits, layout_rooms, serial_curves, eino_curves_03,
          eino_curves_02
D:2:      layout_basic
D:3:      layout_loops_corners, lemuel_blue_sif_altar,
          hellmonk_ecumenical_altar_dog_temple, grunt_decor_resistance
D:4:      layout_cave_pools, kennysheep_mini, enter_ossuary_4,
          uniq_blork_the_orc, uniq_eustachio, uniq_grinder
Ossuary:  ossuary_tomb_3

Skill      XL: |  1  2  3  4  5  6  7 |
---------------+----------------------+-----
Shields        | 3 4 |  4.2
Dodging        | 3 4 |  4.2
Unarmed Combat | 3 4 5 |  5.2
Fighting       | 3 |  3.8

Action                   |  1- 3 |  4- 6 |  7- 9 || total
-------------------------+-------+-------+-------++-------
Melee: Unarmed           |    92 |   156 |    54 ||   302
  Use: Scroll            |     1 |     1 |       ||     2
Armor: Robe              |    57 |   104 |    66 ||   227
Dodge: Dodged            |    59 |    65 |    72 ||   196
Block: Kite shield       |    73 |    59 |    45 ||   177
